 Dungeon Crawl Stone Soup version 0.23-a0-650-ga4d50d4 (webtiles) character file.

346 Borgoz the Cutter (level 6, 0/38 HPs)
             Began as a Kobold Gladiator on Jan 3, 2019.
             Succumbed to a scorpion's poison
             ... on level 3 of the Dungeon.
             The game lasted 00:06:22 (3322 turns).

Borgoz the Cutter (Kobold Gladiator)                Turns: 3322, Time: 00:06:24

Health: 0/38       AC:  6    Str: 11    XL:     6   Next: 90%
Magic:  6/6        EV: 16    Int: 10    God:
Gold:   152        SH:  0    Dex: 18    Spells: 5/5 levels left

rFire    . . .     SeeInvis .   e - +6 dagger
rCold    . . .     Gourm    .   (shield restricted)
rNeg     . . .     Faith    .   n - +0 ring mail
rPois    .         Spirit   .   c - +0 helmet
rElec    .         Reflect  .   (no cloak)
rCorr    .         Harm     .   (no gloves)
MR       .....                  (no boots)
Stlth    ++........             a - amulet of inaccuracy (curse)
HPRegen  0.12/turn              h - +1 ring of slaying
MPRegen  0.10/turn              (no ring)

@: lethally poisoned (0 -> -3)
A: small, carnivore
a: no special abilities


You were on level 3 of the Dungeon.
You were completely stuffed.

You visited 1 branch of the dungeon, and saw 4 of its levels.

You collected 152 gold pieces.

Inventory:

Hand Weapons
 e - a +6 dagger (weapon)
 q - a cursed -1 dagger
 r - a +2 dagger of venom
Missiles
 d - 3 throwing nets (quivered)
Armour
 b - a +0 leather armour
 c - a +0 helmet (worn)
 n - a +0 ring mail (worn)
Jewellery
 a - a cursed amulet of inaccuracy (around neck)
 h - a +1 ring of slaying (left hand)
 s - an uncursed ring of fire {unknown}
Scrolls
 i - a scroll of amnesia {unknown}
 j - 2 scrolls of teleportation
 l - 2 scrolls of remove curse
 m - 2 scrolls of enchant weapon {unknown}
 o - a scroll of magic mapping {unknown}
 p - a scroll of noise
Potions
 k - a potion of brilliance
 t - a potion of haste
Comestibles
 f - 5 rations
 u - 8 chunks of flesh


   Skills:
 + Level 3.9 Fighting
 + Level 6.0 Short Blades
 - Level 2.4 Throwing
 + Level 5.5 Dodging
 + Level 3.7 Stealth


You had 5 spell levels left.
You didn't know any spells.
Your spell library was empty.

Dungeon Overview and Level Annotations

Branches:
Dungeon (4/15)
 Temple: D:4-7

Altars:
Trog
Uskayaw
Yredelemnul


Innate Abilities, Weirdness & Mutations

You are small and have problems with some larger weapons.
You are carnivorous and can eat meat at any time.


Message History

* * * LOW HITPOINT WARNING * * *
You feel sick.
The phantom blinks!
* * * LOW HITPOINT WARNING * * *
You feel sick.
* * * LOW HITPOINT WARNING * * *
You feel sick.
* * * LOW HITPOINT WARNING * * *
You feel sick.
Some of the chunks of flesh in your inventory have rotted away.
* * * LOW HITPOINT WARNING * * *
You feel sick.
* * * LOW HITPOINT WARNING * * *
You feel sick.
* * * LOW HITPOINT WARNING * * *
You feel sick.
* * * LOW HITPOINT WARNING * * *
You feel sick.
* * * LOW HITPOINT WARNING * * *
You feel sick.
You die...

#.##.##### #.# ### #.##.....# #.#
#.######.# #.# #.# #.# ##.#
#.######.### #..# #..........#
#..# ####..##.#.# #..# #..##.#.#
#..####### #..##.#.###..@.....#
####..##........#####.#
#.....####.###..# ##.## ......#
#.# #..####...###
...†..####.###(......#...#
...........÷......##...#.# ####
...........(....#...#.##.#####...
.....#####.####....#..##.##......
#...## #.# ##..###.##.........


There were no monsters in sight!

Vanquished Creatures
  A scorpion (D:3)
  A water moccasin skeleton (D:2)
  A hound (D:4)
  An orc priest (D:3)
  An orc wizard (D:4)
  A worker ant (D:4)
  2 adders (D:2)
  An ooze (D:1)
  9 worms
  A leopard gecko (D:2)
  4 orcs
  9 bats
  6 giant cockroaches
  7 goblins
  15 hobgoblins
  2 jackals (D:3)
  A quokka (D:3)
  2 ball pythons
  4 frilled lizards
  9 kobolds
  15 rats
  A spectral orc (D:2)
94 creatures vanquished.

Notes
Turn   | Place    | Note
-------+----------+-------------------------------------------
     0 | D:1      | Borgoz the Kobold Gladiator began the quest for the Orb.
     0 | D:1      | Reached XP level 1. HP: 12/12 MP: 1/1
   191 | D:1      | Reached XP level 2. HP: 16/17 MP: 2/2
   326 | D:1      | Reached XP level 3. HP: 13/21 MP: 3/3
   996 | D:2      | Found a faded altar of an unknown god.
  1014 | D:2      | Reached XP level 4. HP: 14/27 MP: 4/4
  1177 | D:2      | Reached skill level 1 in Stealth
  1235 | D:2      | Reached skill level 5 in Short Blades
  1235 | D:2      | Reached XP level 5. HP: 21/32 MP: 5/5
  1437 | D:2      | Found a basalt altar of Yredelemnul.
  2236 | D:2      | Noticed a moth of wrath
  2239 | D:2      | Found a bloodstained altar of Trog.
  2531 | D:3      | Noticed a +0 hand axe
  2531 | D:3      | Noticed a +0 hand axe
  2543 | D:3      | Found a hide-covered altar of Uskayaw.
  2558 | D:3      | Reached skill level 5 in Dodging
  3060 | D:4      | Reached XP level 6. HP: 36/37 MP: 6/6
  3237 | D:4      | Noticed a phantom
  3300 | D:3      | Reached skill level 6 in Short Blades
  3319 | D:3      | HP: 1/38 [poisoned by a scorpion]
  3322 | D:3      | Succumbed to a scorpion's poison

Vault maps used:
D:1:      grunt_arrival_lava_bath
D:2:      yredelemnul_forgotten_temple_becter,
          chequers_ecumenical_altar_simple_redux, tgw_trog
D:3:      dancing_weapons_uskayaw
D:4:      first_ration, nrook_campfire, chequers_serial_rivers_marsh,
          chequers_serial_rivers_small_b

Skill      XL: |  1  2  3  4  5  6 |
---------------+-------------------+-----
Dodging        | 4 5 |  5.5
Stealth        | 1 2 3 |  3.7
Fighting       | 3 |  3.9
Short Blades   | 5 6 |  6.0
Throwing       | |  2.4

Action                   |  1- 3 |  4- 6 || total
-------------------------+-------+-------++-------
Melee: Dagger            |    62 |   225 ||   287
       Rapier            |     3 |       ||     3
  Use: Scroll            |       |     5 ||     5
 Stab: Sleeping          |       |     2 ||     2
  Eat: Chunk             |     9 |     7 ||    16
Armor: Leather armour    |    12 |       ||    12
       Ring mail         |       |    31 ||    31
Dodge: Dodged            |    32 |   114 ||   146

Table legend:
 A = Non-vault XP
 B = Vault XP
 C = Vault XP percentage of total XP
 D = Non-vault monster count
 E = Vault monster count
 F = Vault count percentage of total count
                 A         B        C        D         E       F
            +---------+---------+-------+---------+---------+-------
      Total |     482 |      13 |   2.6 |      88 |       6 |   6.4
            +---------+---------+-------+---------+---------+-------
        D:1 |      51 |       0 |   0.0 |      29 |       0 |   0.0
        D:2 |     163 |      13 |   7.4 |      33 |       6 |  15.4
        D:3 |     154 |       0 |   0.0 |      21 |       0 |   0.0
        D:4 |     114 |       0 |   0.0 |       5 |       0 |   0.0
            +---------+---------+-------+---------+---------+-------
